 Dungeon Crawl Stone Soup version 0.28-a0-1510-gd0f6b136d3 (webtiles) character file.

Game seed: 9285563865837069981

525 sanka the Ruffian (level 7, -9/60 HPs)
             Began as a Gnoll Cinder Acolyte on Jan 15, 2022.
             Was a High Priest of Ignis.
             Mangled by an iguana (13 damage)
             ... on level 5 of the Dungeon.
             The game lasted 00:05:32 (4798 turns).

sanka the Ruffian (Gnoll Cinder Acolyte)            Turns: 4798, Time: 00:05:32

Health: -9/60      AC:  4    Str: 14    XL:     7   Next: 23%
Magic:  9/12       EV: 12    Int: 20    God:    Ignis [*****.]
Gold:   52         SH:  0    Dex:  7    Spells: 11/13 levels left

rFire   + . .      SeeInvis .   s - +4 trident of Responsibility {speed, Int+5}
rCold   . . .      Faith    .   (no shield)
rNeg    . . .      Spirit   .   a - +0 robe
rPois   .          Reflect  .   l - +0 helmet
rElec   .          Harm     .   (no cloak)
rCorr   .          Rampage  .   (no gloves)
Will    .....                   j - +0 pair of boots
Stlth   ++........              (no amulet)
HPRegen 0.20/turn               (no ring)
MPRegen 0.13/turn               (no ring)

@: no status effects
A: fangs 1, strong nose, distributed training
a: Renounce Religion, Fiery Armour, Foxfire Swarm, Rising Flame


You were on level 5 of the Dungeon.
You worshipped Ignis.
Ignis was extremely pleased with you.
You visited 2 branches of the dungeon, and saw 6 of its levels.

You collected 167 gold pieces.
You spent 115 gold pieces at shops.


Innate Abilities, Weirdness & Mutations

You have very sharp teeth.
Your uncanny sense of smell can sniff out nearby items.
Your experience applies equally to all skills.


   Skills:
 + Level 7.0 Fighting
 + Level 2.3 Short Blades
 + Level 2.3 Long Blades
 + Level 2.3 Axes
 + Level 2.3 Maces & Flails
 + Level 2.3 Polearms
 + Level 2.3 Staves
 + Level 2.3 Slings
 + Level 2.3 Bows
 + Level 2.3 Crossbows
 + Level 2.3 Throwing
 + Level 2.3 Armour
 + Level 2.3 Dodging
 + Level 2.3 Stealth
 + Level 2.3 Shields
 + Level 7.0 Unarmed Combat
 + Level 3.7 Spellcasting
 + Level 1.9 Conjurations
 + Level 1.9 Hexes
 + Level 1.9 Summonings
 + Level 1.9 Necromancy
 + Level 1.9 Translocations
 + Level 1.9 Transmutations
 + Level 5.8 Fire Magic
 + Level 1.9 Ice Magic
 + Level 1.9 Air Magic
 + Level 1.9 Earth Magic
 + Level 1.9 Poison Magic
 + Level 2.6 Invocations
 + Level 2.3 Evocations


You had 11 spell levels left.
You knew the following spells:

 Your Spells              Type           Power      Damage    Failure   Level
y - Scorch                Fire           54%        2d8       1%          2

Your spell library contained the following spells:

 Spells                   Type           Power      Damage    Failure   Level
 Ensorcelled Hibernation  Hex/Ice        22%        N/A       9%          2
 Passwall                 Tmut/Erth      9%         N/A       9%          2
 Sublimation of Blood     Necr           11%        N/A       9%          2
 Swiftness                Air            11%        N/A       19%         3
 Petrify                  Tmut/Erth      11%        N/A       52%         4
 Irradiate                Conj/Tmut      5%         3d15      86%         5

Inventory:

Hand Weapons
 s - the +4 trident of Responsibility (weapon) {speed, Int+5} Attacks with this weapon are significantly faster. Int: It affects your intelligence (+5).
Armour
 a - a +0 robe (worn)
 f - a +0 buckler
 j - a +0 pair of boots (worn)
 l - a +0 helmet (worn)
Magical Staves
 e - a staff of earth
 p - a staff of air
Scrolls
 g - a scroll of noise {unknown}
 i - a scroll of teleportation {@r4}
 m - a scroll of fog
 n - a scroll of vulnerability {unknown}
 o - a scroll of enchant armour
 r - a scroll of blinking {unknown}
Potions
 b - a potion of attraction {unknown}
 c - 2 potions of mutation {unknown}
 d - a potion of cancellation {unknown}
 h - a potion of curing {unknown}
 k - a potion of flight {unknown}
 q - a potion of degeneration {unknown}
 t - a potion of resistance {unknown}

Dungeon Overview and Level Annotations

Branches:
Dungeon (5/15)             Temple (1/1) D:4

Altars:
Ashenzari
Dithmenos
Elyvilon
Fedhas
Gozag
Hepliaklqana
Kikubaaqudgha
Makhleb
Nemelex Xobeh
Okawaru
Qazlal
Ru
Trog
Vehumet
Wu Jian
Xom
Yredelemnul
Zin
The Shining One

Shops:
D:4

(? .....▒
....▒ ▒▒▒...▒
▒.....▒
▒.▒.)▒ ▒.▒..▒
▒.▒..▒
..▒▒▒▒.▒.(▒
.......▒.g▒
▒......<.l▒ ∆
▒..▒▒▒▒..)).▒
▒.▒▒▒...▒ ▒.▒
▒.▒▒ ▒.▒ .▒
... ∆ ▒ ∆ ▒.▒
▒.▒


You could see an iguana (combustible).


Message History

You bite the iguana, but do no damage.
The iguana is heavily wounded.
You closely miss the iguana.
The iguana is heavily wounded.
The iguana bites you.
* * * LOW HITPOINT WARNING * * *
You closely miss the iguana.
The iguana is heavily wounded.
The iguana bites you.
* * * LOW HITPOINT WARNING * * *
You barely miss the iguana. You bite the iguana, but do no damage.
The iguana is heavily wounded.
The iguana bites you!
* * * LOW HITPOINT WARNING * * *
You barely miss the iguana.
The iguana is heavily wounded.
You hit the iguana.
The iguana is almost dead.
The iguana bites you!
* * * LOW HITPOINT WARNING * * *
You barely miss the iguana. You bite the iguana, but do no damage.
The iguana is almost dead.
The iguana bites you but does no damage.
Flames lash the iguana.
The iguana is almost dead.
The iguana's fire resistance burns away.
The iguana bites you!
You die...

Action                   |  1- 3 |  4- 6 |  7- 9 || total
-------------------------+-------+-------+-------++-------
Melee: Unarmed           |    62 |    60 |       ||   122
       Bite              |     4 |     5 |     3 ||    12
       Trident           |       |    21 |    14 ||    35
       Punch             |       |     4 |       ||     4
 Cast: Scorch            |     8 |    59 |     1 ||    68
  Use: Scroll            |       |     1 |       ||     1
Armor: Robe              |    13 |    25 |     4 ||    42
Dodge: Dodged            |    36 |    45 |     1 ||    82

Levels and vault maps discovered:
D:1:      minmay_arrival_radiant_lines, layout_rooms, palyth_stone_intersect,
          chequers_avenue, minmay_misc_feat_secret_circle, minmay_tripent
D:2:      layout_basic, basic_altar, hellmonk_ecumenical_altar_blasted,
          uniq_terence
D:3:      layout_rooms, nicolae_overflow_squiral
D:4:      layout_loops_ring, minmay_temple_entry_wispy, serial_shops,
          kennysheep_mini, shop, uniq_robin
D:5:      layout_loops_ring, lemuel_doored_altar
Temple:   minmay_crystal_spiral_temple

Notes
Turn   | Place    | Note
-------+----------+-------------------------------------------
     0 | D:1      | sanka the Gnoll Cinder Acolyte began the quest for the Orb.
     0 | D:1      | Reached XP level 1. HP: 23/23 MP: 4/4
   114 | D:1      | Reached XP level 2. HP: 28/29 MP: 5/5
   635 | D:1      | Reached XP level 3. HP: 34/35 MP: 7/7
   659 | D:1      | Learned a level 2 spell: Scorch
  1346 | D:2      | Found a faded altar of an unknown god.
  1482 | D:2      | Noticed Terence
  1487 | D:2      | Killed Terence
  1488 | D:2      | Reached skill level 1 in Short Blades
  1488 | D:2      | Reached skill level 1 in Long Blades
  1488 | D:2      | Reached skill level 1 in Axes
  1488 | D:2      | Reached skill level 1 in Maces & Flails
  1488 | D:2      | Reached skill level 1 in Polearms
  1488 | D:2      | Reached skill level 1 in Staves
  1488 | D:2      | Reached skill level 1 in Slings
  1488 | D:2      | Reached skill level 1 in Bows
  1488 | D:2      | Reached skill level 1 in Crossbows
  1488 | D:2      | Reached skill level 1 in Throwing
  1488 | D:2      | Reached skill level 1 in Armour
  1488 | D:2      | Reached skill level 1 in Dodging
  1488 | D:2      | Reached skill level 1 in Stealth
  1488 | D:2      | Reached skill level 1 in Shields
  1488 | D:2      | Reached skill level 1 in Invocations
  1488 | D:2      | Reached skill level 1 in Evocations
  1488 | D:2      | Reached XP level 4. HP: 41/41 MP: 1/8
  1571 | D:2      | Found a glowing golden altar of the Shining One.
  2146 | D:3      | Noticed a phantom
  2239 | D:3      | Reached skill level 3 in Spellcasting
  2427 | D:3      | Reached skill level 1 in Conjurations
  2427 | D:3      | Reached skill level 1 in Hexes
  2427 | D:3      | Reached skill level 1 in Summonings
  2427 | D:3      | Reached skill level 1 in Necromancy
  2427 | D:3      | Reached skill level 1 in Translocations
  2427 | D:3      | Reached skill level 1 in Transmutations
  2427 | D:3      | Reached skill level 1 in Ice Magic
  2427 | D:3      | Reached skill level 1 in Air Magic
  2427 | D:3      | Reached skill level 1 in Earth Magic
  2427 | D:3      | Reached skill level 1 in Poison Magic
  2514 | D:3      | Found a blossoming altar of Fedhas.
  2539 | D:3      | Found an ornate altar of the Wu Jian Council.
  2981 | D:4      | Reached XP level 5. HP: 47/47 MP: 2/9
  3017 | D:3      | Killed a phantom
  3124 | D:4      | Found a staircase to the Ecumenical Temple.
  3124 | D:4      | Noticed Robin
  3160 | D:3      | Reached skill level 2 in Invocations
  3160 | D:3      | Reached XP level 6. HP: 45/53 MP: 1/10
  3407 | D:4      | Killed Robin
  3471 | Temple   | Entered the Ecumenical Temple
  3742 | D:4      | Found Couka's Magic Scroll Shoppe.
  3746 | D:4      | Bought a scroll of fog for 20 gold pieces
  3746 | D:4      | Bought a scroll of identify for 20 gold pieces
  3746 | D:4      | Bought a scroll of enchant armour for 75 gold pieces
  4123 | D:4      | Reached skill level 2 in Short Blades
  4123 | D:4      | Reached skill level 2 in Long Blades
  4123 | D:4      | Reached skill level 2 in Axes
  4123 | D:4      | Reached skill level 2 in Maces & Flails
  4123 | D:4      | Reached skill level 2 in Polearms
  4123 | D:4      | Reached skill level 2 in Staves
  4123 | D:4      | Reached skill level 2 in Slings
  4123 | D:4      | Reached skill level 2 in Bows
  4123 | D:4      | Reached skill level 2 in Crossbows
  4123 | D:4      | Reached skill level 2 in Throwing
  4123 | D:4      | Reached skill level 2 in Armour
  4123 | D:4      | Reached skill level 2 in Dodging
  4123 | D:4      | Reached skill level 2 in Stealth
  4123 | D:4      | Reached skill level 2 in Shields
  4123 | D:4      | Reached skill level 2 in Evocations
  4334 | D:4      | Found Vior's Weapon Emporium.
  4404 | D:4      | Identified the +4 trident of Responsibility {speed, Int+5}
  4697 | D:5      | Entered Level 5 of the Dungeon
  4725 | D:5      | Noticed a black bear
  4736 | D:5      | Killed a black bear
  4737 | D:5      | Reached skill level 7 in Fighting
  4737 | D:5      | Reached skill level 7 in Unarmed Combat
  4737 | D:5      | Reached XP level 7. HP: 24/60 MP: 3/12
  4796 | D:5      | HP: 4/60 [iguana (9)]
  4798 | D:5      | Mangled by an iguana

Vanquished Creatures
  A black bear (D:5)
  A phantom (D:3)
  A bullfrog zombie (D:5)
  A jelly (D:4)
  A hound (D:4)
  A centaur skeleton (D:5)
  Terence (D:2)
  An iguana (D:3)
  Robin (D:4)
  8 gnolls
  2 adders
  3 worms
  5 orcs
  5 ball pythons
  7 endoplasms
  3 giant cockroaches
  13 hobgoblins
  2 jackals (D:1)
  2 kobolds
  A quokka (D:2)
  6 bats
  4 frilled lizards
  10 goblins
  5 rats
85 creatures vanquished.
